 Dungeon Crawl Stone Soup version 0.29.1-15-g9cfb28693d (webtiles) character file.

Game seed: 6377738399157455605

271 firemarshallily the Sneak (level 6, 0/42 HPs)
             Began as an Octopode Brigand on Apr 13, 2023.
             Slain by a kobold
             ... wielding a +0 short sword
              (4 damage)
             ... in a sewer.
             The game lasted 00:07:13 (3048 turns).

firemarshallily the Sneak (Octopode Brigand)        Turns: 3048, Time: 00:07:14

Health: 0/42       AC:  1    Str: 10    XL:     6   Next: 23%
Magic:  6/6        EV: 12    Int: 14    God:
Gold:   212        SH:  0    Dex: 15    Spells: 5/5 levels left

rFire   . . .      SeeInvis .   k - +4 dagger (vorpal)
rCold   + . .      Faith    .   (no shield)
rNeg    . . .      Spirit   .   (helmet restricted)
rPois   .          Reflect  .   d - amulet of regeneration
rElec   .          Harm     .   g - ring of protection from cold
rCorr   .          Rampage  .   (no ring)
Will    .....                   (no ring)
Stlth   ++++++....              (no ring)
HPRegen 0.94/turn               (no ring)
MPRegen 0.10/turn               (no ring)
                                (no ring)
                                (no ring)

@: mighty, slowed, very slow
A: almost no armour, amphibious, 8 rings, camouflage 1, gelatinous body 1,
nimble swimmer 1, tentacles
a: no special abilities


You were in a sewer.
You visited 1 branch of the dungeon, and saw 6 of its levels.
You also visited: Sewer.

You collected 212 gold pieces.

Inventory:

Hand Weapons
 j - the +2 whip "Leviticus" {flame, Fragile Will+++ Str+6}
   (You found it on level 2 of the Dungeon)

   It burns those it strikes, dealing additional fire damage.
   Str:       It affects your strength (+6).
   Fragile:   It will be destroyed if unequipped.
   Will:      It greatly increases your willpower.
 k - a +4 vorpal dagger (weapon)
Missiles
 b - 9 poisoned darts (quivered)
 c - 3 curare-tipped darts
Armour
 a - a +0 buckler
Jewellery
 d - an amulet of regeneration (around mantle)
 g - a ring of protection from cold (left tentacle)
Wands
 t - a wand of digging (1)
Scrolls
 h - 2 scrolls of vulnerability
 i - 3 scrolls of teleportation
 n - a scroll of fear
 o - a scroll of silence
 r - a scroll of immolation
Potions
 e - a potion of flight {unknown}
 m - a potion of mutation {unknown}
 p - a potion of cancellation {unknown}
 s - a potion of attraction
 u - a potion of lignification {unknown}


   Skills:
 + Level 3.3 Fighting
 * Level 4.2 Short Blades
 - Level 2.0 Throwing
 - Level 1.0 Dodging
 * Level 7.7 Stealth


You had 5 spell levels left.
You didn't know any spells.
Your spell library was empty.

Dungeon Overview and Level Annotations

Branches:
Dungeon (6/15)              Sewer (1/1)
 Temple: D:4-7

Altars:
Gozag

Annotations:
D:3 3 runed translucent doors, nroviw's ghost, amateur KoHu


Innate Abilities, Weirdness & Mutations

You cannot wear most types of armour.
You are amphibious.
You can wear up to eight rings at the same time.
Your skin changes colour to match your surroundings (Stealth+).
Your rubbery body absorbs attacks. (AC +1, EV +1)
You are camouflaged when in or above water. (Stealth+)
You have tentacles for arms and can constrict up to eight enemies at once.


Message History

You constrict the kobold brigand, but do no damage.
The kobold brigand hits you with a +0 whip!
The kobold brigand closely misses you.
The kobold brigand hits you with a +0 whip.
* * * LOW HITPOINT WARNING * * *
You closely miss the kobold brigand. Your grab misses the kobold brigand.
The kobold brigand is heavily wounded.
You constrict the kobold brigand.
The kobold splashes around in the water.
The kobold brigand closely misses you.
The kobold brigand hits you with a +0 whip!
* * * LOW HITPOINT WARNING * * *
You feel much better.
You constrict the kobold brigand.
You kill the kobold brigand!
You hear a splash. x2
The kobold hits you but does no damage.
The kobold brigand hits you with a +0 whip.
The kobold splashes around in the water.
Your Short Blades skill increases to level 4!
You have reached level 6!
You hit the kobold brigand. Your grab misses the kobold brigand.
You squeeze the kobold brigand.
The kobold brigand is heavily wounded.
The kobold brigand hits you with a +0 whip!
* * * LOW HITPOINT WARNING * * *
The kobold closely misses you.
Unknown command.
You hit the kobold brigand. Your grab misses the kobold brigand.
Your squeeze misses the kobold brigand.
The kobold brigand is severely wounded.
The kobold brigand hits you with a +0 whip.
* * * LOW HITPOINT WARNING * * *
The kobold hits you with a +0 short sword.
* * * LOW HITPOINT WARNING * * *
The kobold brigand hits you with a +0 whip.
* * * LOW HITPOINT WARNING * * *
It was a potion of might.
You feel very mighty all of a sudden.
The kobold hits you with a +0 short sword.
You die...

#~# #~# ##. #~# #.~
#########~## .~≈~
#.~~~..~~~~#######
..~..#~.~~~~~.~.~.....###
....#.~≈≈≈~~~~~~~≈~~~~≈≈
......~≈≈≈≈≈≈≈≈≈≈≈≈≈≈≈≈≈
.K.#)K@≈≈~~~~~~~~~~~~~≈
#)K~~~~~.~~~.....###
#..~~~.....###.###
############ #∩# ###


You could see a kobold brigand and a kobold.

Vanquished Creatures
  A kobold brigand (Sewer)
  A scorpion (D:6)
  A jelly (D:4)
  2 adders
  A river rat (Sewer)
  An ufetubus (D:4)
  A worm (D:4)
  6 dart slugs
  5 ball pythons
  4 endoplasms
  2 giant cockroaches (D:1)
  8 goblins
  4 hobgoblins
  A jackal (Sewer)
  10 kobolds
  A quokka (D:1)
  5 bats
  4 frilled lizards
  7 rats
65 creatures vanquished.

Notes
Turn   | Place    | Note
-------+----------+-------------------------------------------
     0 | D:1      | firemarshallily the Octopode Brigand began the quest for
                  | the Orb.
     0 | D:1      | Reached XP level 1. HP: 14/14 MP: 1/1
   136 | D:1      | Reached XP level 2. HP: 19/19 MP: 2/2
   377 | D:1      | Found a faded altar of an unknown god.
   887 | D:2      | Reached XP level 3. HP: 24/24 MP: 3/3
   898 | D:2      | Reached skill level 6 in Stealth
   940 | D:2      | Identified the +2 whip "Leviticus" {flame, Fragile Will+++
                  | Str+6}
  1813 | D:3      | Found a runed translucent gate.
  1813 | D:3      | Found a runed translucent gate.
  1813 | D:3      | Found a runed translucent gate.
  1818 | D:3      | Noticed nroviw's ghost (amateur KoHu)
  1872 | D:3      | Reached XP level 4. HP: 21/30 MP: 4/4
  2546 | D:4      | You fall into a shaft and drop 2 floors!
  2560 | D:6      | Noticed a scorpion
  2572 | D:6      | Killed a scorpion
  2573 | D:6      | Reached XP level 5. HP: 36/36 MP: 5/5
  2599 | D:5      | Entered Level 5 of the Dungeon
  2620 | D:4      | Found an opulent altar of Gozag.
  2776 | D:4      | Reached skill level 7 in Stealth
  2818 | D:4      | Found a glowing drain.
  2854 | Sewer    | Entered a sewer
  3023 | Sewer    | Noticed a kobold brigand
  3034 | Sewer    | Noticed a kobold brigand
  3044 | Sewer    | Killed a kobold brigand
  3045 | Sewer    | Reached XP level 6. HP: 17/42 MP: 6/6
  3047 | Sewer    | HP: 2/42 [kobold brigand/+0 whip (5)]
  3048 | Sewer    | Slain by a kobold

Illustrated notes

Levels and vault maps discovered:
D:1:      giann_forest_graveyard, layout_loops_ring,
          ebering_ecumenical_altar_mist, minmay_tetromino_s2
D:2:      layout_basic, interstate_on_off, chequers_serial_rivers_large_a,
          grunt_ministairs_15, minmay_surrounded
D:3:      layout_rooms, gammafunk_ghost_necromancy,
          amcnicky_mini_corridor_feature, st_stairs_5
D:4:      layout_cave_pools, pdpol_temple_overflow_zin_treasury_gozag_greed,
          nemelex_spade_bored_becter, lemuel_round_altar,
          nicolae_sif_muna_little_library, cheibrodos_sewer_entry_bend,
          serial_co_window_serial, co_window_of_opportunity_a,
          co_window_corner_a, co_window_paths_b, co_window_corner_a,
          co_window_paths_a, co_window_2corner, co_window_corner_b,
          co_window_broadway_a, co_window_broadway_a, glass_columns_b,
          glass_columns_a, glass_columns_c, glass_columns_a, glass_columns_a
D:5:      layout_cave_pools, lemuel_coloured_pillars_altar,
          nicolae_vehumet_altar_sigil, nicolae_tso_besieged_by_evil,
          serial_bayou_pond_e, grunt_ministairs_14, uniq_ijyb
D:6:      layout_cave_pods, mainiacjoe_overflow_six_doors_small, temple_hall,
          fountainhead
Sewer:    sewer_kobolds

Skill      XL: |  1  2  3  4  5 |
---------------+----------------+-----
Stealth        | 6 7 |  7.7
Short Blades   | 3 4 |  4.2
Fighting       | 3 |  3.3
Throwing       | |  2.0
Dodging        | |  1.0

Action                   |  1- 3 |  4- 6 || total
-------------------------+-------+-------++-------
Melee: Dagger            |    58 |    48 ||   106
       Tentacles         |    10 |    10 ||    20
       Constrict         |    13 |    11 ||    24
       Punch             |     1 |     2 ||     3
Throw: Dart              |       |     3 ||     3
  Use: Scroll            |       |     8 ||     8
       Potion            |       |     6 ||     6
 Stab: Sleeping          |    16 |     8 ||    24
Armor: Skin              |     5 |     4 ||     9
Dodge: Dodged            |    19 |    18 ||    37
